 Dungeon Crawl Stone Soup version 0.16-a0-2979-g562a0a4 (webtiles) character file.

112 Ratboiler the Changer (level 4, 0/27 HPs)
             Began as an Octopode Wanderer on Dec 5, 2014.
             Slain by a hungry ghost (5 damage)
             ... while paralysed
             ... on level 2 of the Dungeon.
             The game lasted 00:08:03 (3261 turns).

Ratboiler the Changer (Octopode Wanderer)           Turns: 3261, Time: 00:08:03

Health: 0/27       AC:  1    Str:  9    XL:     4   Next: 95%
Magic:  7/7        EV:  2    Int: 14    God:
Gold:   122        SH:  0    Dex: 14    Spells: 3 memorised, 1 level left

rFire  . . .     SeeInvis .       - Unarmed
rCold  . . .     Clarity  .     (no shield)
rNeg   + . .     SustAb   .     (helmet restricted)
rPois  .         Gourm    .     (no amulet)
rElec  .         Spirit   .     m - ring of positive energy
rCorr  .         Warding  .     (no ring)
rMut   .         Stasis   .     (no ring)
MR     .....                    (no ring)
Stlth  +++.......               (no ring)
                                (no ring)
                                (no ring)
                                (no ring)

@: paralysed, starving, not resistant to hostile enchantments, fairly stealthy
A: almost no armour, amphibious, 8 rings, constrict 8, camouflage 1, gelatinous
body 1
a: no special abilities


You were on level 2 of the Dungeon.
You were starving.

You visited 1 branch of the dungeon, and saw 3 of its levels.

You collected 122 gold pieces.

Inventory:

Hand weapons
 e - a +0 dagger
Missiles
 d - 25 stones (quivered)
 g - 17 poisoned needles
Jewellery
 m - a ring of positive energy (left tentacle)
Scrolls
 c - 2 scrolls of teleportation
 h - 2 scrolls of identify {unknown}
 n - a scroll of immolation {unknown}
 p - a scroll of noise {unknown}
 q - a scroll of enchant armour {unknown}
 v - a scroll of random uselessness {unknown}
Potions
 i - a potion of curing {unknown}
 j - a potion of heal wounds {unknown}
 r - a potion of degeneration {unknown}
 s - a potion of haste
Books
 a - a book of Changes

   Spells                             Type                      Level
   a - Beastly Appendage              Transmutation                1
   b - Sticks to Snakes               Transmutation                2
   c - Spider Form                    Transmutation/Poison         3
   d - Ice Form                       Ice/Transmutation            4
   e - Blade Hands                    Transmutation                5
 b - Bromaeda's Grimoire of Dislocation

   Spells                             Type                      Level
   a - Apportation                    Translocation                1
   b - Shroud of Golubria             Charms/Translocation         2
Comestibles
 f - 2 bread rations
 l - 2 meat rations
 o - 2 beef jerkies
 t - a royal jelly
 u - 2 fruits


   Skills:
 - Level 2.6 Stealth
 - Level 3.0 Unarmed Combat
 - Level 2.0 Spellcasting
 + Level 5.1 Transmutations
 - Level 2.4 Poison Magic


You had one spell level left.
You knew the following spells:

 Your Spells              Type           Power        Failure   Level  Hunger
a - Beastly Appendage     Trmt           ###...       2%          1    ##.....
b - Sticks to Snakes      Trmt           ###.......   4%          2    ###....
c - Spider Form           Trmt/Pois      ##........   17%         3    ####...


Dungeon Overview and Level Annotations

Branches:
Dungeon (3/15)

Altars:


Innate Abilities, Weirdness & Mutations

You cannot wear most types of armour.
You are amphibious.
You can wear up to eight rings at the same time.
You can use your tentacles to constrict many enemies at once.
Your skin changes colour to match your surroundings (Stealth).
Your rubbery body absorbs attacks (AC +1).


Message History

You feel somewhat more hungry.
There is a stone staircase leading up here.
The hungry ghost closely misses you.
You climb upwards.
There is a stone staircase leading down here.
All of the chunks of flesh in your inventory have rotted away.
The kobold shouts!
The kobold throws a stone.
The stone barely misses you.
The stone closely misses the hungry ghost.
There is a stone staircase leading up here.
The hungry ghost closely misses you.
The kobold throws a stone.
The stone closely misses you.
You see here a stone.
You lose consciousness!
The hungry ghost hits you.
* * * LOW HITPOINT WARNING * * *
You feel slightly more hungry. The hungry ghost completely misses you.
The hungry ghost hits you.
You die...

###.# #...###.#### ##.#.#
#.#.........
########.#..###...###.####
#.......###.......###.####
#.######.#..##.....#...... #.#
####...........#..###. #.#
#..†..............# #. ########.#
#.###.####.......####. ......##.#
#.# #@# #..........#. .........#
#.# #W# #.......##.#.
......######.# #K# ###.#.####.#.
.............# #.# ##.## #.#.
......##########(######### #.#.
......>....(....<..÷....# #.#.
...())##########.######.######.#.
##.#### #..# #..........
##.######## #.## #..#####.##


You could see a hungry ghost and a kobold.

Vanquished Creatures
  5 adders
  An orc (D:3)
  11 bats
  7 hobgoblins
  6 jackals (D:2)
  7 kobolds
  A ball python (D:1)
  4 giant cockroaches
  3 giant newts
  12 goblins
  10 rats
67 creatures vanquished.

Notes
Turn   | Place    | Note
--------------------------------------------------------------
     0 | D:1      | Ratboiler, the Octopode Wanderer, began the quest for the Orb.
     0 | D:1      | Ratboiler set off with: a book of Changes, Bromaeda's Grimoire of Dislocation, a scroll of teleportation, a +0 dagger, a bread ration
     0 | D:1      | Reached XP level 1. HP: 11/11 MP: 3/3
     0 | D:1      | Identified Bromaeda's Grimoire of Dislocation
     2 | D:1      | Learned a level 1 spell: Beastly Appendage
   195 | D:1      | Reached skill level 1 in Unarmed Combat
   366 | D:1      | Reached XP level 2. HP: 13/17 MP: 2/4
   825 | D:1      | Learned a level 2 spell: Sticks to Snakes
   921 | D:1      | Reached XP level 3. HP: 14/21 MP: 4/6
  1450 | D:2      | Learned a level 3 spell: Spider Form
  2018 | D:2      | Reached XP level 4. HP: 19/27 MP: 3/7
  3017 | D:3      | Reached skill level 5 in Transmutations
  3178 | D:3      | Noticed a hungry ghost
  3261 | D:2      | Slain by a hungry ghost

Action                   |  1- 3 |  4- 6 || total
-------------------------+-------+-------++-------
Melee: Unarmed           |   105 |    68 ||   173
 Cast: Beastly Appendage |    10 |     2 ||    12
       Spider Form       |     3 |     4 ||     7
 Stab: Sleeping          |     5 |     7 ||    12
       Distracted        |     1 |       ||     1
  Eat: Chunk             |     4 |     5 ||     9
